 Dungeon Crawl Stone Soup version 0.19.1-1-g22dce08 (webtiles) character file.

52 spooks32 the Gusty (level 3, 0/23 HPs)
             Began as a High Elf Air Elementalist on Jan 6, 2017.
             Succumbed to an adder's poison
             ... on level 2 of the Dungeon.
             The game lasted 00:08:22 (1682 turns).

spooks32 the Gusty (High Elf Air Elementalist)      Turns: 1682, Time: 00:08:23

Health: 0/23       AC:  4    Str: 12    XL:     3   Next: 60%
Magic:  5/7        EV: 13    Int: 21    God:
Gold:   50         SH:  0    Dex: 16    Spells: 3 memorised, 1 level left

rFire  . . .     SeeInvis .     k - +0 short sword
rCold  . . .     Gourm    .     a - +0 robe
rNeg   . . .     Faith    .     (no shield)
rPois  .         Spirit   .     (no helmet)
rElec  .         Reflect  .     e - +0 cloak
rCorr  .         Harm     .     j - +0 pair of gloves
MR     .....                    (no boots)
Stlth  ++........               (no amulet)
                                (no ring)
                                g - +2 ring of intelligence

@: mighty, lethally poisoned (0 -> -3), flying, repel missiles
A: mutation resistance 1
a: no special abilities


You were on level 2 of the Dungeon.
You were not hungry.

You visited 1 branch of the dungeon, and saw 3 of its levels.

You collected 50 gold pieces.

Inventory:

Hand Weapons
 h - a +0 hunting sling
 k - a +0 short sword (weapon)
Missiles
 m - 10 stones (quivered)
 o - 26 sling bullets
Armour
 a - a +0 robe (worn)
 e - a +0 cloak (worn)
 j - a +0 pair of gloves (worn)
 l - a +0 shield
Jewellery
 g - a +2 ring of intelligence (left hand)
Books
 b - a book of Air

   Spells                             Type                      Level
   a - Shock                          Conjuration/Air              1
   b - Swiftness                      Charms/Air                   2
   c - Repel Missiles                 Charms/Air                   2
   d - Static Discharge               Conjuration/Air              3
   e - Lightning Bolt                 Conjuration/Air              5
Comestibles
 c - a bread ration
 f - a beef jerky


   Skills:
 * Level 1.1 Fighting
 * Level 1.2 Short Blades
 - Level 2.1 Dodging
 - Level 2.1 Stealth
 - Level 2.4 Spellcasting
 * Level 1.3 Conjurations
 * Level 5.0 Air Magic


You had one spell level left.
You knew the following spells:

 Your Spells              Type           Power        Failure   Level  Hunger
a - Shock                 Conj/Air       ###.         4%          1    None
b - Swiftness             Chrm/Air       ##......     10%         2    ##.....
c - Repel Missiles        Chrm/Air       ##....       10%         2    ##.....


Dungeon Overview and Level Annotations

Branches:
Dungeon (3/15)

Altars:

Annotations:
D:2 Terence


Innate Abilities, Weirdness & Mutations

You are somewhat resistant to further mutation.


Message History

You feel very buoyant.
You fly up into the air.
You feel sick. The adder misses you.
It was a potion of might.
You feel very mighty all of a sudden.
You feel sick. The adder barely misses you.
You puncture the adder!
You kill the adder!
Your Air Magic skill increases to level 5!
You start to feel a little faster.
You feel sick. The gnoll hits you but does no damage.
The gnoll hits you from afar with a spear.
* * * LOW HITPOINT WARNING * * *
* * * LOW HITPOINT WARNING * * *
You feel sick.
You no longer feel sluggish.
The gnoll hits you from afar with a spear.
* * * LOW HITPOINT WARNING * * *
* * * LOW HITPOINT WARNING * * *
You feel sick.
You die...

........###.###############...#
..##........(..........# #.#.#
........##g.#####......#
#...###
........##.......>.....#
#......
....g...##†.##.##......#
#..†...
......g.......gg.......#
#......
..#..........####.######
#...... ..#.######...####.#
#...... ..#.# #......@.#
#...... ..#.# ##.#######
##.#### ....# ###### #.#
.##.####...############## #.#
.....##⌠.<÷⌠##..........####.#
.....#.......##########......#
...).....⌠.>.# ########
.##.##....÷..# .....##⌠.>.⌠##


There were no monsters in sight!

Vanquished Creatures
  2 adders (D:2)
  3 dart slugs
  A ball python (D:1)
  10 goblins
  3 hobgoblins
  2 kobolds (D:1)
  3 bats (D:2)
  4 rats
28 creatures vanquished.

Notes
Turn   | Place    | Note
-------+----------+-------------------------------------------
     0 | D:1      | spooks32 the High Elf Air Elementalist began the quest for the Orb.
     0 | D:1      | Reached XP level 1. HP: 11/11 MP: 4/4
   183 | D:1      | Reached skill level 4 in Air Magic
   289 | D:1      | Reached XP level 2. HP: 18/18 MP: 4/6
   293 | D:1      | Learned a level 2 spell: Swiftness
   296 | D:1      | Learned a level 2 spell: Repel Missiles
   608 | D:2      | Noticed Terence
  1170 | D:2      | Reached skill level 1 in Short Blades
  1170 | D:2      | Reached XP level 3. HP: 14/22 MP: 1/7
  1503 | D:2      | Reached skill level 1 in Fighting
  1610 | D:3      | Noticed a phantom
  1669 | D:2      | Gained mutation: You are somewhat resistant to further mutation. [potion of mutation]
  1673 | D:2      | Reached skill level 5 in Air Magic
  1678 | D:2      | HP: 1/23 [poisoned by an adder]
  1682 | D:2      | Succumbed to an adder's poison

Skill      XL: |  1  2  3 |
---------------+----------+-----
Air Magic      | 4 5 |  5.0
Short Blades   | 1 |  1.2
Fighting       | 1 |  1.1
Dodging        | |  2.1
Stealth        | |  2.1
Spellcasting   | |  2.4
Conjurations   | |  1.3

Action                   || total
-------------------------++-------
Melee: Dagger            ||     1
       Hand axe          ||     1
       Short sword       ||    27
 Cast: Shock             ||    33
       Repel Missiles    ||     1
       Swiftness         ||     1
  Use: Scroll            ||     3
       Potion            ||     3
 Stab: Sleeping          ||     3
  Eat: Bread ration      ||     1
       Chunk             ||     1
Armor: Robe              ||    10
Dodge: Dodged            ||    29
       Deflected         ||     1
